cohdb
Replays
Latest Replays
All Replays
Popular Replays
Top Player Replays
Match Explorer
How It Works
Community
CoH3 Stats
Reddit
Sign in to upload your games and track your stats! →
Sign in with Steam
Match 42978543
Unlisted
Match 42978543
Overview
Messages
Build Orders
End
Kradschützen Motorcycle Team
Selects Armored Support Battlegroup
Panzerpioneer Squad
Panzergrenadier Squad
250 Light Carrier
Panzergrenadier Squad
Construct Light Support Kompanie
Selects Veteran Gunners
Selects Salvage Kits
Fire Support Elements
Assault Mechanized Group
Combat Half-tracks
Flakvierling Half-track
Vehicle Survival Package
Panzerpioneer Squad
Veteran Squad Leaders
Trion
I AM NOOB
Reztes
Novacaine
0
0
Comments
sign in to comment!
No comments posted yet!